 Seeded DCSS version 0.29.1-15-g9cfb28693d (webtiles) character file.

Game seed: 16066991585365409787 (custom seed)

105 hikkokomori the Ruffian (level 4, -1/36 HPs)
             Began as a Demigod Transmuter on Mar 1, 2023.
             Slain by a gnoll
             ... wielding a +0 flail
              (10 damage)
             ... on level 1 of the Dungeon.
             The game lasted 00:02:01 (2575 turns).

hikkokomori the Ruffian (Demigod Transmuter)        Turns: 2575, Time: 00:02:02

Health: -1/36      AC:  5    Str: 15    XL:     4   Next: 29%
Magic:  9/10       EV: 12    Int: 15    God:
Gold:   77         SH:  0    Dex: 14    Spells: 6/7 levels left

rFire   + . .      SeeInvis .     - Unarmed
rCold   . . .      Faith    .   (no shield)
rNeg    . . .      Spirit   .   i - +2 leather armour {rF+}
rPois   .          Reflect  .   (helmet currently unavailable)
rElec   .          Harm     .   (no cloak)
rCorr   .          Rampage  .   (no gloves)
Will    .....                   (boots currently unavailable)
Stlth   +.........              (no amulet)
HPRegen 0.12/turn               (no ring)
MPRegen 0.12/turn               (no ring)

@: appendages
A: horns 2, talons 2, high MP 1, forlorn, divine attributes
a: End Transformation


You were on level 1 of the Dungeon.
You had temporarily grown beastly horns and talons.
You visited 1 branch of the dungeon, and saw 2 of its levels.

You collected 77 gold pieces.

Inventory:

Armour
 a - a +1 robe
 i - a +2 leather armour of fire resistance (worn)
Scrolls
 d - a scroll of identify
 e - a scroll of butterflies {unknown}
 g - a scroll of blinking
Potions
 b - 2 potions of lignification
 c - a potion of mutation {unknown}
 f - a potion of curing {unknown}
 h - a potion of degeneration


   Skills:
 + Level 1.9 Fighting
 + Level 2.4 Dodging
 + Level 3.2 Unarmed Combat
 + Level 2.3 Spellcasting
 + Level 2.5 Transmutations


You had 6 spell levels left.
You knew the following spells:

 Your Spells              Type           Power      Damage    Failure   Level
a - Beastly Appendage     Tmut           18%        N/A       10%         1

Your spell library contained the following spells:

 Spells                   Type           Power      Damage    Failure   Level
 Wereblood                Tmut           9%         N/A       14%         2
 Spider Form              Tmut/Pois      5%         N/A       43%         3
 Ice Form                 Ice/Tmut       5%         N/A       83%         4


Dungeon Overview and Level Annotations

Branches:
Dungeon (2/15)

Shops:
D:2 !


Innate Abilities, Weirdness & Mutations

You have temporarily grown beastly horns and talons.
You have an increased reservoir of magic. (+10% MP)
You shall have no god before yourself.
Your divine heritage dramatically boosts your attributes as you level up.


Message History

There is an open door here.
You close the door.
Something unseen breaks down the door.
You see here a +0 club.
You see here a +0 halberd.
There is a stone staircase leading up here.
You climb upwards.
There is a stone staircase leading down here.
You start resting.
HP restored.
You start waiting.
Done waiting.
You climb downwards.
The gnoll hits you with a +0 flail.
The gnoll barely misses you. x3; The gnoll hits you with a +0 whip!
There is a stone staircase leading up here.
The gnoll hits you with a +0 whip.
The gnoll hits you from afar with a +0 spear.
The gnoll closely misses you.
You climb upwards.
There is a stone staircase leading down here.
Casting: Beastly Appendage (safe; 10% risk of failure)
Confirm with . or Enter, or press ? or * to list all spells.
You grow a pair of large bovine horns.
Your feet morph into talons.
The gnoll barely misses you. The gnoll hits you but does no damage.
You hit the gnoll but do no damage. The gnoll misses you.
The gnoll hits you with a +0 whip.
You hit the gnoll. Your kick misses the gnoll. Your headbutt misses the gnoll.
The gnoll is moderately wounded.
The gnoll hits you with a +0 flail. The gnoll hits you but does no damage.
You hit the gnoll. Your headbutt misses the gnoll.
The gnoll is severely wounded.
The gnoll barely misses you. The gnoll hits you with a +0 whip.
* * * LOW HITPOINT WARNING * * *
You hit the gnoll.
You kill the gnoll!
The gnoll closely misses you.
You hit the gnoll. You claw the gnoll.
The gnoll is heavily wounded.
The gnoll hits you with a +0 flail!
You die...

#### ########## #..# ##...##...##
#..###..........## ##
##..#............# ##.
##..............# ##..
#..............#### #...
#......)..........## #...
#######.#.#....#.........## #|..
#....##.#.###.##@.........# #...
#..............).g........# #...
#....##.#.##.###..........#####..
#....##.#.##.# #...........[.....
####..#.#.##.# #..........####...
##......#.####........## #...
###†.......#..........## #...
##.#..#..............# #...
#)#..#..............###...


You could see a gnoll.

Vanquished Creatures
  5 gnolls
  An adder (D:2)
  A worm (D:2)
  2 dart slugs (D:2)
  3 bats
  5 endoplasms
  2 giant cockroaches (D:1)
  4 hobgoblins
  3 quokkas (D:1)
  3 ball pythons
  3 frilled lizards
  5 goblins
  2 kobolds
  3 rats (D:1)
42 creatures vanquished.

Notes
Turn   | Place    | Note
-------+----------+-------------------------------------------
     0 | D:1      | hikkokomori the Demigod Transmuter began the quest for the
                  | Orb.
     0 | D:1      | Reached XP level 1. HP: 15/15 MP: 5/5
    36 | D:1      | Reached skill level 1 in Fighting
   255 | D:1      | Reached XP level 2. HP: 19/23 MP: 5/7
  1190 | D:2      | Reached skill level 3 in Unarmed Combat
  1190 | D:2      | Reached XP level 3. HP: 20/28 MP: 6/8
  2019 | D:2      | Reached XP level 4. HP: 32/36 MP: 8/10
  2086 | D:2      | Found Nuecisch's Distillery.
  2575 | D:1      | Slain by a gnoll

Illustrated notes

Levels and vault maps discovered:
D:1:      dpeg_arrival_water_altar, layout_rooms, ebering_dispersal_statue_hall
D:2:      layout_basic, shapermc_ecumenical_altar_mp_highgroup, serial_shops,
          nicolae_shop_behind_doors

Skill      XL: |  1  2 |
---------------+-------+-----
Fighting       | 1 |  1.9
Dodging        | 2 |  2.4
Transmutations | 2 |  2.5
Spellcasting   | 2 |  2.3
Unarmed Combat | 3 |  3.2

Action                   |  1- 3 |  4- 6 || total
-------------------------+-------+-------++-------
Melee: Unarmed           |   112 |    16 ||   128
       Kick              |    25 |     4 ||    29
       Headbutt          |    11 |     3 ||    14
 Cast: Beastly Appendage |    24 |     3 ||    27
  Use: Scroll            |     4 |       ||     4
Armor: Robe              |    16 |       ||    16
       Leather armour    |       |     4 ||     4
Dodge: Dodged            |    81 |    20 ||   101
